 Dungeon Crawl Stone Soup version 0.31-a0-240-gb923e448b6 (webtiles) character file.

Game seed: 10938179372212811152

9769 qw the Skirmisher (level 11, -1/99 HPs)
             Began as a Minotaur Hexslinger on July 11, 2023.
             Was a Follower of Okawaru.
             Slain by a hornet (8 damage)
             ... on level 1 of the Lair of Beasts.
             The game lasted 00:04:27 (8290 turns).

qw the Skirmisher (Minotaur Hexslinger)             Turns: 8290, Time: 00:04:28

Health: -1/99      AC: 13    Str: 13    XL:     11   Next: 27%
Magic:  13/13      EV: 16    Int: 14    God:    Okawaru [*.....]
Gold:   112        SH:  0    Dex: 15    Spells: 11/12 levels left

rFire   . . .        i - +5 orcbow (drain)
rCold   + . .        (shield currently unavailable)
rNeg    . . .        k - +1 ring mail {rPois}
rPois   +            (helmet restricted)
rElec   .            c - +1 cloak
rCorr   .            h - +0 pair of gloves
SInv    .            (no boots)
Will    +....        l - amulet of regeneration
Stlth   ++           o - ring of protection from cold
HPRegen 1.16/turn    f - ring of willpower
MPRegen 0.13/turn

%: random rage (3%)
@: heroic
A: horns 2, retaliatory headbutt, hooves 1, iridescent scales 1, berserk 1,
clever 1
a: Renounce Religion, Heroism


You were on level 1 of the Lair of Beasts.
You worshipped Okawaru.
Okawaru was aware of your devotion.
You visited 3 branches of the dungeon, and saw 11 of its levels.

You collected 518 gold pieces.
You spent 406 gold pieces at shops.


Innate Abilities, Weirdness & Mutations

You have a pair of horns on your head.
You reflexively headbutt those who attack you in melee.
You have large cloven feet.
You are partially covered in iridescent scales. (AC +2)
You sometimes lose your temper in combat.
Your mind is acute. (Int +4, Str/Dex -1)


   Skills:
 - Level 10.1(15.1) Fighting
 + Level 14.7(19.7) Ranged Weapons
 - Level 4.4(9.4) Armour
 - Level 6.2(11.2) Dodging
 - Level 1.0 Spellcasting
 - Level 2.0 Hexes
 - Level 4.1 Invocations


You had 11 spell levels left.
You knew the following spells:

 Your Spells              Type           Power      Damage    Failure   Level
a - Slow                  Hex            24%        N/A       22%         1

Your spell library contained the following spells:

 Spells                   Type           Power      Damage    Failure   Level
 Inner Flame              Hex/Fire       3%         N/A       67%         3
 Portal Projectile        Hex/Tloc       6%         N/A       67%         3
 Cause Fear               Hex            3%         N/A       91%         4

Inventory:

Hand Weapons
 i - a +5 orcbow of draining (weapon)
Armour
 c - a +1 cloak (worn)
 h - a +0 pair of gloves (worn)
 k - a +1 ring mail of poison resistance (worn)
 p - +0 steam dragon scales
Jewellery
 d - a ring of ice
 f - a ring of willpower (right hand)
 l - an amulet of regeneration (around neck)
 o - a ring of protection from cold (left hand)
 Y - a ring of resist corrosion
Wands
 b - a wand of digging (7)
Scrolls
 a - 6 scrolls of identify
Potions
 e - 4 potions of enlightenment
 j - 2 potions of haste
 m - 2 potions of might
 n - a potion of curing

Dungeon Overview and Level Annotations

Branches:
Dungeon (8/15)             Temple (1/1) D:7            Lair (2/5) D:8
  Swamp: Lair:2-3    Shoals: Lair:2-3     Snake: Lair:2-3    Spider: Lair:2-3

Altars:
Ashenzari
Cheibriados
Elyvilon
Fedhas
Gozag
Hepliaklqana
Kikubaaqudgha
Nemelex Xobeh
Okawaru
Qazlal
Ru
Sif Muna
Trog
Uskayaw
Wu Jian
Xom
Yredelemnul
Zin
The Shining One

Shops:
D:6 ?:(   D:7 [   D:8 [

Annotations:
D:3 exclusion: 2 orc wizards


Message History

You feel sick. The yak gores you but does no damage. The yak gores you.
A polar bear comes into view.
The yak gores you. The cane toad misses you.
8285 ||| STAIRDANCE You feel sick.
The yak gores you! The yak misses you. The yak barely misses you.
You furiously retaliate!
You headbutt the yak!
You kill the yak!
Okawaru accepts your kill. The hornet misses you. You furiously retaliate!
You headbutt the hornet! The cane toad stings you!
You climb upwards.
You feel sick.
There is a stone staircase leading down here.
Enter note:
Enter note:
Enter note:
Enter note:
Enter note:
Enter note: You shoot an arrow.
The arrow hits the hornet but does no damage.
You drain the hornet.
The hornet is moderately wounded.
The hornet closely misses you. The yak barely misses you. The yak gores you.
The cane toad misses you.
You shoot an arrow. The arrow hits the hornet.
The hornet is heavily wounded.
You feel sick.
The hornet stings you but does no damage.
The yak closely misses you. You furiously retaliate!
You headbutt the yak! The cane toad stings you.
The yak gores you but does no damage.
You shoot an arrow. The arrow misses the hornet.
You feel sick. The hornet stings you! The cane toad closely misses you.
The yak barely misses you. The yak closely misses you. You furiously retaliate!
You headbutt the yak. The hornet barely misses you.
You shoot an arrow. The arrow hits the hornet!
The hornet is almost dead.
You feel sick.
You are no longer poisoned.
The hornet stings you!
You die...

#.###.....# #.... ### #..##}.>.}#
#...# #####.####.###.....##
######...#
...........####...#.####.##P#...#
.............###+.#..............
#.############................)..
### ##...}.....####.P#####
##...Y.Y...## ####
####..}).@..}..## #####
##.......F.y.....## ##
#.#.###.........}.......########P
......%#...........#.............
......#...}..#........}..#.......
##..#.#......#..}..#......##.#P##
#####.......#.....##......#####
##.....#......##.....##
##.#+##......##.+...# ###


You could see 2 yaks, a cane toad (drained) and a hornet (drained).

Vanquished Creatures
  Erica (Lair:1)
  Urug (Lair:1)
  An ugly thing (D:8)
  A black mamba (Lair:1)
  4 cane toads (Lair:1)
  A rime drake (Lair:1)
  A komodo dragon (Lair:1)
  2 polar bears (Lair:1)
  2 trolls
  A wyvern (Lair:1)
  5 yaks
  3 basilisks (Lair:1)
  A steam dragon (D:8)
  2 wargs (D:8)
  3 water moccasins (Lair:1)
  2 orc warriors (D:8)
  2 sky beasts
  2 black bears
  3 centaurs
  2 ogres
  A phantom (D:4)
  2 kobold brigands
  10 bullfrogs
  A gnoll sergeant (D:8)
  5 scorpions
  8 wights
  A howler monkey (D:6)
  2 hounds (D:6)
  6 orc priests
  5 iguanas
  10 orc wizards
  3 sleepcaps
  3 gnolls (D:5)
  3 adders
  A river rat (D:5)
  6 shadow imps
  A white imp (D:5)
  A worm (D:2)
  35 orcs
  11 endoplasms
  4 giant cockroaches
  A goblin (D:4)
  6 hobgoblins
  10 jackals
  10 kobolds
  7 quokkas
  8 ball pythons
  5 bats
  2 frilled lizards
  2 goblin zombies (D:5)
  4 hobgoblin zombies (D:5)
  2 kobold skeletons (D:5)
  A kobold zombie (D:5)
  An orc skeleton (D:5)
  2 orc zombies (D:5)
  8 rats
228 creatures vanquished.

Notes
Turn   | Place    | Note
-------+----------+-------------------------------------------
     0 | D:1      | qw the Minotaur Hexslinger began the quest for the Orb.
     0 | D:1      | Reached XP level 1. HP: 16/16 MP: 1/1
     0 | D:1      | 0 ||| qw: Version: 0.3-a-52-g30416fa
     0 | D:1      | 0 ||| qw: Game counter: 6061
     0 | D:1      | 0 ||| qw: Melee chars always use a shield: true
     0 | D:1      | 0 ||| qw: God list: Okawaru
     0 | D:1      | 0 ||| qw: Allow faded altars: false
     0 | D:1      | 0 ||| qw: Do Orc after clearing Dungeon:15 true
     0 | D:1      | 0 ||| qw: Do second Lair branch before Depths: true
     0 | D:1      | 0 ||| qw: Lair rune preference: random
     0 | D:1      | 0 ||| qw: Goals: Normal
     0 | D:1      | 0 ||| PLANNING D:1-11
   268 | D:1      | Reached skill level 3 in Ranged Weapons
   268 | D:1      | Reached XP level 2. HP: 23/23 MP: 2/2
   560 | D:1      | 560 ||| UPGRADING to +0 ring mail.
   570 | D:1      | 570 ||| DROPPING +0 robe.
   571 | D:1      | 571 ||| UPGRADING to amulet of the acrobat.
   576 | D:1      | 576 ||| UPGRADING to amulet of regeneration.
   586 | D:1      | 586 ||| DROPPING amulet of the acrobat.
   587 | D:1      | 587 ||| READING 3 scrolls labelled WYMERCHAUTU.
   588 | D:1      | 588 ||| READING scroll labelled PYDEOCALUQ.
   589 | D:1      | 589 ||| READING scroll labelled UXUDUID PYMA.
   590 | D:1      | 590 ||| READING scroll labelled TUBIEH KIOC.
   591 | D:1      | 591 ||| READING scroll labelled LEMOH FI ETEOQ.
   592 | D:1      | 592 ||| READING 2 scrolls of identify.
   592 | D:1      | 592 ||| IDENTIFYING fizzy emerald potion
   593 | D:1      | 593 ||| DROPPING scroll of poison.
   699 | D:2      | Reached XP level 3. HP: 29/29 MP: 3/3
   899 | D:2      | Reached skill level 4 in Ranged Weapons
   986 | D:2      | You fall into a shaft and drop 1 floor!
  1030 | D:3      | Reached skill level 1 in Armour
  1051 | D:3      | Reached XP level 4. HP: 20/36 MP: 4/4
  1067 | D:3      | Found a faded altar of an unknown god.
  1070 | D:3      | 1070 ||| READING scroll labelled TYUQAI TONGAF.
  1071 | D:3      | 1071 ||| READING scroll labelled KAIBUNO AMIKHA.
  1398 | D:2      | 1398 ||| READING scroll labelled PUKEUR WATT.
  1488 | D:3      | Found a shimmering blue altar of Sif Muna.
  1499 | D:3      | 1499 ||| FLEEEEING.
  1500 | D:3      | 1500 ||| FLEEEEING.
  1501 | D:3      | 1501 ||| FLEEEEING.
  1515 | D:3      | 1515 ||| FLEEEEING.
  1615 | D:3      | 1615 ||| Invisibility monster not found???
  1725 | D:3      | Found a snail-covered altar of Cheibriados.
  1854 | D:3      | Reached skill level 5 in Ranged Weapons
  2162 | D:3      | HP: 7/36 [something/puff of flame (11)]
  2191 | D:3      | 2191 ||| UPGRADING to +1 ring mail of poison resistance.
  2201 | D:3      | 2201 ||| DROPPING +0 ring mail.
  2202 | D:3      | 2202 ||| UPGRADING to ring of willpower.
  2203 | D:3      | 2203 ||| READING 2 scrolls labelled OVENTO QUPNAR.
  2204 | D:3      | 2204 ||| DROPPING scroll of fear.
  2419 | D:4      | Noticed a scorpion
  2423 | D:4      | Killed a scorpion
  2424 | D:4      | Reached skill level 3 in Fighting
  2424 | D:4      | Reached XP level 5. HP: 41/46 MP: 5/5
  2439 | D:4      | Noticed a phantom
  2444 | D:4      | Found a hazy altar of Hepliaklqana.
  2445 | D:4      | Killed a phantom
  2668 | D:4      | Reached XP level 6. HP: 52/52 MP: 6/6
  2671 | D:4      | Reached skill level 6 in Ranged Weapons
  2736 | D:4      | Found a stormy altar of Qazlal.
  2736 | D:4      | Found a basalt altar of Yredelemnul.
  2809 | D:4      | Found a glowing silver altar of Zin.
  3079 | D:4      | 3079 ||| UPGRADING to +0 pair of gloves.
  3084 | D:4      | 3084 ||| READING scroll labelled SOITAURPHAMI.
  3087 | D:4      | 3087 ||| READING scroll labelled QEKA ENOAHELYA.
  3088 | D:4      | 3088 ||| READING 4 scrolls of identify.
  3088 | D:4      | 3088 ||| IDENTIFYING glowing sapphire potion
  3089 | D:4      | 3089 ||| READING 3 scrolls of identify.
  3089 | D:4      | 3089 ||| IDENTIFYING sapphire potion
  3090 | D:4      | 3090 ||| READING 2 scrolls of identify.
  3090 | D:4      | 3090 ||| IDENTIFYING amethyst potion
  3091 | D:4      | 3091 ||| DROPPING potion of degeneration.
  3102 | D:5      | Entered Level 5 of the Dungeon
  3103 | D:5      | 3103 ||| PLANNING SEWER
  3246 | D:5      | Reached skill level 7 in Ranged Weapons
  3363 | D:5      | 3363 ||| READING 2 scrolls of identify.
  3363 | D:5      | 3363 ||| IDENTIFYING murky emerald potion
  3372 | D:5      | 3372 ||| STAIRDANCE
  3376 | D:5      | 3376 ||| STAIRDANCE
  3380 | D:5      | 3380 ||| STAIRDANCE
  3384 | D:5      | 3384 ||| STAIRDANCE
  3388 | D:5      | 3388 ||| STAIRDANCE
  3392 | D:5      | 3392 ||| STAIRDANCE
  3396 | D:5      | 3396 ||| STAIRDANCE
  3400 | D:5      | 3400 ||| STAIRDANCE
  3404 | D:5      | 3404 ||| STAIRDANCE
  3408 | D:5      | 3408 ||| STAIRDANCE
  3412 | D:5      | 3412 ||| STAIRDANCE
  3416 | D:5      | 3416 ||| STAIRDANCE
  3420 | D:5      | 3420 ||| STAIRDANCE
  3424 | D:5      | 3424 ||| STAIRDANCE
  3428 | D:5      | 3428 ||| STAIRDANCE
  3432 | D:5      | 3432 ||| STAIRDANCE
  3436 | D:5      | 3436 ||| STAIRDANCE
  3440 | D:5      | 3440 ||| STAIRDANCE
  3444 | D:5      | 3444 ||| STAIRDANCE
  3448 | D:5      | 3448 ||| STAIRDANCE
  3670 | D:5      | Found a glowing golden altar of the Shining One.
  3697 | D:5      | Reached XP level 7. HP: 60/60 MP: 7/7
  3809 | D:5      | 3809 ||| RIP SEWER
  3853 | D:5      | 3853 ||| PLANNING D:1-11
  3853 | D:5      | 3853 ||| UPGRADING to +1 cloak.
  3961 | D:5      | Reached skill level 8 in Ranged Weapons
  4728 | D:6      | Found Jaanuomn's Antique Weapon Shoppe.
  4732 | D:6      | 4732 ||| BUYING glowing orcbow (195 gold).
  4732 | D:6      | Bought a glowing orcbow for 195 gold pieces
  4732 | D:6      | 4732 ||| SWAPPING to +5 orcbow.
  4733 | D:6      | 4733 ||| DROPPING +1 heavy sling.
  4761 | D:6      | Reached skill level 9 in Ranged Weapons
  4761 | D:6      | Reached XP level 8. HP: 56/68 MP: 8/8
  4808 | D:6      | Reached skill level 6 in Fighting
  4836 | D:6      | Found Lyti's Book Boutique.
  4934 | D:6      | Reached skill level 3 in Dodging
  5076 | D:6      | Found Qyulomn's Magic Scroll Boutique.
  5084 | D:6      | Reached skill level 10 in Ranged Weapons
  5085 | D:6      | 5085 ||| BUYING scroll of identify (26 gold).
  5085 | D:6      | Bought a scroll of identify for 26 gold pieces
  5085 | D:6      | 5085 ||| BUYING scroll of identify (26 gold).
  5085 | D:6      | Bought a scroll of identify for 26 gold pieces
  5085 | D:6      | 5085 ||| BUYING scroll of identify (26 gold).
  5085 | D:6      | Bought a scroll of identify for 26 gold pieces
  5085 | D:6      | 5085 ||| BUYING scroll of identify (26 gold).
  5085 | D:6      | Bought a scroll of identify for 26 gold pieces
  5085 | D:6      | 5085 ||| SHOPLISTING scroll of identify (26 gold, have 19).
  5321 | D:6      | Reached skill level 3 in Armour
  5409 | D:6      | 5409 ||| DRINKING 2 sedimented grey potions.
  5409 | D:6      | Gained mutation: You are frail. (-10% HP) [potion of
                  | mutation]
  5409 | D:6      | Gained mutation: Your mind is acute. (Int +4, Str/Dex -1)
                  | [potion of mutation]
  5409 | D:6      | Gained mutation: You have large cloven feet. [potion of
                  | mutation]
  5410 | D:6      | 5410 ||| DRINKING potion of mutation.
  5410 | D:6      | Lost mutation: Your mind is acute. (Int +4, Str/Dex -1)
                  | [potion of mutation]
  5410 | D:6      | Lost mutation: You are frail. (-10% HP) [potion of
                  | mutation]
  5410 | D:6      | Gained mutation: You have hidden genetic potential. [potion
                  | of mutation]
  5410 | D:6      | Gained mutation: You sometimes lose your temper in combat.
                  | [potion of mutation]
  5458 | D:7      | Noticed a troll
  5465 | D:7      | Killed a troll
  5542 | D:7      | Reached XP level 9. HP: 79/79 MP: 9/9
  5552 | D:7      | Found a staircase to the Ecumenical Temple.
  5553 | D:7      | 5553 ||| PLANNING TEMPLE
  5577 | Temple   | Entered the Ecumenical Temple
  5595 | Temple   | 5595 ||| PLANNING OKAWARU WORSHIP
  5624 | Temple   | Became a worshipper of Warmaster Okawaru
  5625 | Temple   | 5625 ||| PLANNING D:1-11
  5728 | D:7      | Found a sacrificial altar of Ru.
  5816 | D:7      | Reached skill level 11 in Ranged Weapons
  5952 | D:7      | Found Noizydghe's Antique Armour Emporium.
  6152 | D:8      | 6152 ||| Stepping ~*~*~tactically~*~*~ (outnumbered).
  6154 | D:8      | 6154 ||| Stepping ~*~*~tactically~*~*~ (outnumbered).
  6166 | D:8      | 6166 ||| DRINKING potion of curing.
  6166 | D:8      | 6166 ||| (to cure confusion)
  6204 | D:8      | 6204 ||| Stepping ~*~*~tactically~*~*~ (outnumbered).
  6207 | D:8      | 6207 ||| Stepping ~*~*~tactically~*~*~ (outnumbered).
  6250 | D:8      | Gained mutation: Your mind is acute. (Int +4, Str/Dex -1)
                  | [hidden potential]
  6345 | D:8      | Reached * piety under Okawaru
  6346 | D:8      | 6346 ||| INVOKING Heroism.
  6349 | D:8      | Reached skill level 12 in Ranged Weapons
  6365 | D:8      | 6365 ||| INVOKING Heroism.
  6391 | D:8      | Found a staircase to the Lair.
  6562 | D:8      | Found Lakaq's Antique Armour Shoppe.
  6568 | D:8      | 6568 ||| BUYING runed robe (107 gold).
  6568 | D:8      | Bought a runed robe for 107 gold pieces
  6603 | D:8      | 6603 ||| INVOKING Heroism.
  6634 | D:8      | Noticed a green ugly thing
  6643 | D:8      | 6643 ||| UPGRADING to ring of resist corrosion.
  6733 | D:8      | 6733 ||| INVOKING Heroism.
  6734 | D:8      | 6734 ||| INVOKING Heroism.
  6790 | D:8      | Noticed a troll
  6842 | D:8      | 6842 ||| INVOKING Heroism.
  6843 | D:8      | 6843 ||| Stepping ~*~*~tactically~*~*~ (cloud).
  6847 | D:8      | 6847 ||| INVOKING Heroism.
  6852 | D:8      | 6852 ||| Stepping ~*~*~tactically~*~*~ (cloud).
  6888 | D:8      | Reached XP level 10. HP: 68/88 MP: 10/10
  6979 | D:8      | 6979 ||| DROPPING +1 robe of willpower.
  6997 | D:8      | Reached skill level 1 in Invocations
  7005 | D:8      | 7005 ||| INVOKING Heroism.
  7011 | D:8      | Killed a green ugly thing
  7012 | D:8      | Reached skill level 13 in Ranged Weapons
  7062 | D:8      | 7062 ||| PLANNING LAIR
  7115 | D:8      | 7115 ||| INVOKING Heroism.
  7135 | Lair:1   | Entered Level 1 of the Lair of Beasts
  7150 | Lair:1   | Gained mutation: You are partially covered in iridescent
                  | scales. (AC +2) [hidden potential]
  7150 | Lair:1   | Lost mutation: You have hidden genetic potential. [hidden
                  | potential expressed]
  7189 | Lair:1   | Reached skill level 3 in Invocations
  7200 | Lair:1   | Noticed a cane toad
  7201 | Lair:1   | 7201 ||| INVOKING Heroism.
  7209 | Lair:1   | Killed a cane toad
  7246 | Lair:1   | 7246 ||| INVOKING Heroism.
  7250 | Lair:1   | Reached skill level 9 in Fighting
  7317 | Lair:1   | Noticed Erica
  7318 | Lair:1   | 7318 ||| INVOKING Heroism.
  7348 | Lair:1   | 7348 ||| INVOKING Heroism.
  7366 | Lair:1   | HP: 14/91 [something (14)]
  7367 | Lair:1   | Killed Erica
  7368 | Lair:1   | Reached skill level 6 in Dodging
  7481 | Lair:1   | 7481 ||| INVOKING Heroism.
  7510 | Lair:1   | Noticed a cane toad
  7511 | Lair:1   | 7511 ||| INVOKING Heroism.
  7516 | Lair:1   | Killed a cane toad
  7567 | Lair:1   | Noticed Urug
  7568 | Lair:1   | 7568 ||| INVOKING Heroism.
  7584 | Lair:1   | Killed Urug
  7585 | Lair:1   | Reached skill level 14 in Ranged Weapons
  7666 | Lair:1   | 7666 ||| INVOKING Heroism.
  7795 | Lair:1   | Noticed a cane toad
  7796 | Lair:1   | 7796 ||| INVOKING Heroism.
  7808 | Lair:1   | Reached XP level 11. HP: 92/97 MP: 11/13
  7820 | Lair:1   | 7820 ||| INVOKING Heroism.
  7855 | Lair:1   | 7855 ||| INVOKING Heroism.
  7919 | Lair:1   | 7919 ||| READING scroll of brand weapon.
  7919 | Lair:1   | 7919 ||| BRANDING +5 orcbow.
  8036 | Lair:1   | 8036 ||| INVOKING Heroism.
  8250 | Lair:1   | 8250 ||| UPGRADING to ring of protection from cold.
  8252 | Lair:1   | 8252 ||| UPGRADING to ring of willpower.
  8273 | Lair:2   | 8273 ||| INVOKING Heroism.
  8285 | Lair:2   | 8285 ||| STAIRDANCE
  8285 | Lair:2   | HP: 23/99 [cane toad (10)]
  8289 | Lair:1   | HP: 7/99 [hornet (9)]
  8290 | Lair:1   | Slain by a hornet

Levels and vault maps discovered:
D:1:      noname_arrival_rooms_in_the_neighbourhood, layout_basic,
          minmay_pentomino_q2
D:2:      layout_loops_ring, minmay_worlds_worst_comb
D:3:      layout_loops_ring, led_sif_book, mainiacjoe_overflow_alcove_4,
          chequers_ecumenical_altar_simple_redux, minmay_misc_feat_roman
D:4:      layout_loops_ring, lemuel_coloured_pillars_altar,
          nicolae_hepliaklqana_hippocampus, nicolae_overflow_squiral
D:5:      mumra_celtic_spiral_tile, layout_gridville,
          nicolae_tso_besieged_by_evil, gup_sewer_entry_bubbles
D:6:      layout_basic, serial_shops, nicolae_shop_waterfront, shop, shop
D:7:      layout_basic, marbit_many_paths, minmay_temple_entry_ruins,
          serial_shops, shop, chequers_serial_rivers_small_b
D:8:      minmay_chambers_of_fours, layout_basic, erik_lair_orcish_takeover,
          serial_shops, shop, grunt_tough_drop
Temple:   hellmonk_temple_of_storms
Lair:1:   layout_long_grid, lemuel_fruit_fields, grunt_megastairs_3, uniq_urug,
          uniq_erica
Lair:2:   layout_cave_shapes, nicolae_spider_entry_non_spiders,
          grunt_megastairs_2, lemuel_fruit_fields, infiniplex_staircase_pool,
          serial_bayou_shore_b

Skill      XL: |  1  2  3  4  5  6  7  8  9 10 11 |
---------------+----------------------------------+-----
Ranged Weapons | 3 4 5 7 9 10 12 14 | 14.7
Fighting       | 2 3 4 5 7 8 9 10 | 10.1
Armour         | 1 2 3 4 |  4.4
Dodging        | 3 4 6 |  6.2
Invocations    | 4 |  4.1
Spellcasting   | |  1.0
Hexes          | |  2.0

Action                     |  1- 3 |  4- 6 |  7- 9 | 10-12 || total
---------------------------+-------+-------+-------+-------++-------
   Fire: Sling             |   152 |   248 |    93 |       ||   493
         Orcbow            |       |       |   241 |   171 ||   412
 Invoke: Heroism           |       |       |     5 |    15 ||    20
    Use: Scroll            |     6 |    10 |       |     1 ||    17
         Potion            |       |       |     3 |       ||     3
 Armour: Robe              |     4 |       |       |       ||     4
         Ring mail         |    29 |    51 |    50 |    27 ||   157
  Dodge: Dodged            |    41 |    69 |    91 |    68 ||   269

Table legend:
 A = Non-vault XP
 B = Vault XP
 C = Vault XP percentage of total XP
 D = Non-vault monster count
 E = Vault monster count
 F = Vault count percentage of total count
                 A         B        C        D         E       F
            +---------+---------+-------+---------+---------+-------
      Total |    9191 |    4766 |  34.1 |     177 |      51 |  22.4
            +---------+---------+-------+---------+---------+-------
        D:1 |      24 |       2 |   7.7 |      14 |       2 |  12.5
        D:2 |      43 |       4 |   8.5 |      24 |       2 |   7.7
        D:3 |      97 |       0 |   0.0 |      20 |       0 |   0.0
        D:4 |     344 |       0 |   0.0 |      17 |       0 |   0.0
        D:5 |     485 |      47 |   8.8 |      26 |      20 |  43.5
        D:6 |    1262 |       0 |   0.0 |      22 |       0 |   0.0
        D:7 |    1070 |       3 |   0.3 |      16 |       1 |   5.9
        D:8 |     742 |    2332 |  75.9 |      17 |      20 |  54.1
     Lair:1 |    4287 |    2378 |  35.7 |      17 |       6 |  26.1
     Lair:2 |     837 |       0 |   0.0 |       4 |       0 |   0.0
            +---------+---------+-------+---------+---------+-------
